 Dungeon Crawl Stone Soup version 0.18-a0-1392-g59a4c01 (webtiles) character file.

137615 sanyagladpro the Quickloader (level 16, -36/130 HPs)
             Began as a Demonspawn Wanderer on Feb 23, 2016.
             Was the Champion of Okawaru.
             Annihilated by a white very ugly thing (47 damage)
             ... on level 3 of the Swamp.
             The game lasted 02:04:42 (41310 turns).

sanyagladpro the Quickloader (Demonspawn Wanderer) Turns: 41310, Time: 02:04:42

Health: -36/130    AC: 21    Str: 22    XL:     16   Next: 69%
Magic:  0/31       EV: 24    Int: 13    God:    Okawaru [******]
Gold:   3875       SH:  0    Dex: 24    Spells: 0 memorised, 15 levels left

rFire  + + .     SeeInvis .     I - +1 demon trident (elec)
rCold  . . .     Gourm    .     C - +6 ring mail of Curiosity {rN+ Str-3 Int-4 Dex+7}
rNeg   + + .     Faith    .     (no shield)
rPois  +         Spirit   +     E - +2 hat "Qahon" {rF++ Str+3 Dex-2}
rElec  .         Dismiss  .     z - +1 cloak {rPois}
rCorr  .         Reflect  .     Y - +0 pair of gloves {Dex+3}
SustAt .         Harm     .     (boots unavailable)
MR     +....                    U - amulet of regeneration
Stlth  +.........               a - ring "Recruvvo" {rN+ MP+9 Str+5 Int+3 Dex-4}
                                s - +5 ring of dexterity

@: somewhat resistant to hostile enchantments, very unstealthy
A: hooves 3, rugged brown scales 3, demonic guardian 1, magic shield, magic
regeneration
a: Heroism, Finesse, Renounce Religion


You were on level 3 of the Swamp.
You worshipped Okawaru.
Okawaru was exalted by your worship.
You were not hungry.

You visited 4 branches of the dungeon, and saw 28 of its levels.
You also visited: Labyrinth, Sewer, Ossuary, Ice Cave and Volcano.

You collected 3875 gold pieces.

Inventory:

Hand Weapons
 I - a +1 demon trident of electrocution (weapon)
 X - a +4 triple crossbow of evasion
Missiles
 b - 110 bolts
 B - 12 bolts of penetration
 D - 22 steel bolts
 R - 62 bolts of frost
 T - 12 poisoned bolts
Armour
 z - a +1 cloak of poison resistance (worn)
 C - the +6 ring mail of Curiosity (worn) {rN+ Str-3 Int-4 Dex+7}
   (You found it in an ice cave)

   It affects your strength (-3).
   It affects your intelligence (-4).
   It affects your dexterity (+7).
   It protects you from negative energy.
 E - the +2 hat "Qahon" (worn) {rF++ Str+3 Dex-2}
   (Okawaru gifted it to you in an ice cave)

   It affects your strength (+3).
   It affects your dexterity (-2).
   It greatly protects you from fire.
 Y - a +0 pair of gloves of dexterity (worn)
Jewellery
 a - the ring "Recruvvo" (right hand) {rN+ MP+9 Str+5 Int+3 Dex-4}
   (You found it on level 3 of the Lair of Beasts)

   [ring of intelligence]

   It affects your strength (+5).
   It affects your intelligence (+3).
   It affects your dexterity (-4).
   It protects you from negative energy.
   It affects your magic capacity (+9).
 j - an uncursed ring of resist corrosion
 q - an uncursed ring of protection from magic
 s - a +5 ring of dexterity (left hand)
 K - a cursed -5 ring of protection {unknown}
 L - an uncursed ring of protection from cold
 U - an amulet of regeneration (around neck)
 Z - an uncursed ring of see invisible
Scrolls
 d - 8 scrolls of teleportation
 g - 5 scrolls of enchant weapon
 h - a scroll of blinking
 k - 5 scrolls of amnesia
 v - 3 scrolls of fear
 x - 9 scrolls of remove curse
 y - 3 scrolls of fog
 F - a scroll of recharging
 J - a scroll of enchant armour
 M - 3 scrolls of magic mapping
 O - a scroll of identify
Potions
 e - 3 potions of magic
 i - 5 potions of flight
 l - 5 potions of brilliance
 m - 11 potions of curing
 n - a potion of heal wounds
 o - 7 potions of might
 r - 3 potions of cancellation
 t - 9 potions of haste
 u - 4 potions of resistance
 w - 5 potions of agility
 A - 3 potions of mutation
 H - 3 potions of invisibility
 S - 3 potions of berserk rage
 V - 5 potions of lignification
 W - 2 potions of cure mutation
Comestibles
 c - 40 fruits
 f - 15 bread rations
 p - 5 meat rations
 G - 5 beef jerkies
 N - 12 slices of pizza
 Q - a royal jelly


   Skills:
 - Level 10.1 Fighting
   Level 3.6 Short Blades
   Level 6.0(10.9) Axes
 - Level 13.7(14.2) Polearms
 - Level 14.2 Crossbows
 - Level 1.0 Throwing
 - Level 9.0 Armour
 + Level 12.8 Dodging
 - Level 1.0 Stealth
 - Level 8.6 Invocations
   Level 1.0 Evocations


You had 15 spell levels left.
You didn't know any spells.

Dungeon Overview and Level Annotations

Branches:
Dungeon (15/15)            Temple (0/1) D:6            Lair (8/8) D:8
  Swamp (3/4) Lair:5       Spider (0/4) Lair:4        Slime (0/6) Lair:7
    Orc (2/2) D:9             Elf (0/3) Orc:2        Vaults (0/5) D:13
 Depths (0/5) D:15

Altars:
Dithmenos
Fedhas
Gozag
Kikubaaqudgha
Okawaru
Pakellas
Qazlal
Ru
Sif Muna
Trog
Vehumet
Xom
Yredelemnul
The Shining One
Jiyva

Shops:
D:4 }*   D:15 *   Orc:2 %[%}

Portals:
Pandemonium: Orc:2

Annotations:
D:10 Oddball22's ghost, journeyman HESk
Lair:8 Kirke


Innate Abilities, Weirdness & Mutations

You have hooves in place of feet.
You are completely covered in rugged brown scales (AC +3, +7% HP).
A weak demonic guardian rushes to your aid.
When hurt, damage is shared between your health and your magic reserves.
You regenerate magic rapidly.


Message History

Your kick misses the white very ugly thing.
The white very ugly thing is almost dead.
The white very ugly thing completely misses you.
You hit the white very ugly thing but do no damage.
You kick the white very ugly thing.
The white very ugly thing is almost dead.
The white very ugly thing claws you! The white very ugly thing freezes you!!
You are too injured to fight recklessly!
You are too injured to fight recklessly!
You are too injured to fight recklessly!
You puncture the white very ugly thing! You kick the white very ugly thing.
The white very ugly thing is almost dead.
You closely miss the white very ugly thing.
You kick the white very ugly thing, but do no damage.
The white very ugly thing is almost dead.
The white very ugly thing claws you!
The white very ugly thing freezes you!!!
The white very ugly thing claws you.
The white very ugly thing freezes you!!!
You die...

≈≈≈...♣♣♣≈.≈≈≈≈≈≈...♣≈≈..≈..♣
≈≈≈..≈♣ ♣♣.≈≈≈≈≈≈..§♣ .≈≈..♣ ≈≈
♣♣§≈.≈.♣♣♣≈.≈≈≈≈...≈♣♣♣≈≈≈.♣ ≈≈≈
♣.....♣♣...≈≈≈≈♣♣♣≈≈♣♣.≈..♣♣♣≈≈
♣♣♣♣♣♣♣....≈≈≈≈♣♣♣.≈♣♣...≈.≈≈♣♣♣
♣♣.......≈≈...≈...≈....≈.§≈≈≈≈.≈.
≈♣[≈≈...≈≈≈≈[≈...≈.≈≈≈...≈≈≈≈≈.≈.
≈♣§≈≈♣♣.....≈♣.≈≈≈.≈.≈≈....≈≈.≈..
♣♣♣♣♣♣♣♣...♣♣♣..@.....≈≈!.♣.≈≈...
.♣ ♣≈.≈.♣♣♣.≈≈u.....≈≈.≈♣≈...≈ .♣
♣♣.≈≈≈♣≈≈≈≈.≈...≈≈≈≈.♣≈≈♣≈≈
♣♣♣♣♣♣♣♣≈≈≈♣♣♣≈≈≈≈≈§..≈≈≈≈≈.≈≈.♣.
...≈≈...≈♣♣♣ ♣♣.≈≈≈≈≈≈≈≈≈≈÷.≈≈(.≈
.....≈≈.♣♣ ♣♣..≈.≈≈≈≈≈≈.)≈≈≈(.
.≈≈.≈≈≈≈≈♣ ♣≈.≈.≈≈≈≈≈≈..≈≈≈.)
≈≈≈≈≈≈≈≈.♣ ♣♣..≈≈≈≈≈≈≈..≈≈≈.(
≈≈≈≈≈≈≈≈.♣ ♣♣♣≈≈≈≈≈.≈≈>≈≈≈≈†


You could see a white very ugly thing.

Vanquished Creatures
  A thorn hunter (Swamp:1)
  Maud (D:14)
  A frost giant (IceCv)
  A minotaur (Lab)
  4 vault guards (D:13)
  A fire dragon (Lair:8)
  2 catoblepae
  16 hydras
  A centaur warrior (D:15)
  2 rakshasas (D:15)
  A death knight (D:13)
  5 alligators
  11 death yaks
  5 orc high priests
  A spriggan berserker (Swamp:3)
  A soul eater (Orc:1)
  The ghost of ZeroCool the Cleaver, a novice DDBe of Trog (D:9)
  A fire crab (shapeshifter) (D:15)
  An infernal demonspawn (Orc:2)
  A skeletal warrior (D:13)
  An unseen horror (D:12)
  A giant orange brain (D:15)
  A gelid demonspawn (Orc:2)
  5 swamp dragons
  5 orc knights
  2 shambling mangroves
  2 lindwurms (Lair:8)
  A wolf spider zombie (D:15)
  5 hill giants
  2 griffons
  2 oklob plants
  9 orc sorcerers (Orc:2)
  Maurice (D:10)
  9 ugly things
  5 cyclopes
  3 manticores
  A sixfirhy (Orc:2)
  12 elephants
  4 centaur skeletons
  An ice statue (IceCv)
  5 torpor snails (Lair:8)
  A molten gargoyle (Volcano)
  3 black mambas
  14 spiny frogs
  6 orange demons
  3 gargoyles
  A yaktaur (shapeshifter) (D:15)
  An efreet (D:15)
  7 komodo dragons
  A freezing wraith (D:13)
  4 fire drakes
  4 spriggan druids
  4 trolls
  10 giant leeches
  4 two-headed ogres
  2 bog bodies
  22 blink frogs
  13 polar bears
  8 slime creatures
  9 spriggans
  A shadow (D:11)
  2 vampires
  6 basilisks
  Sigmund (D:4)
  A ynoxinul (Orc:2)
  44 yaks
  A basilisk (shapeshifter) (D:15)
  A hippogriff (shapeshifter) (D:12)
  3 fire bats (Volcano)
  A wraith (D:13)
  A neqoxec (Orc:2)
  4 hogs
  6 hungry ghosts
  10 hippogriffs
  A steam dragon (D:10)
  Menkaure (D:6)
  3 mottled dragons
  13 vampire mosquitoes
  22 wolves
  16 insubstantial wisps
  A warg (Orc:2)
  16 swamp worms
  A water moccasin (shapeshifter) (D:14)
  17 water moccasins
  7 porcupines
  2 swamp drakes
  4 black bears
  A necrophage (D:14)
  3 ice beasts
  2 sky beasts
  4 eyes of draining
  31 orc warriors
  17 wasps
  11 ogres
  12 centaurs
  9 crocodiles
  9 big kobolds
  17 giant frogs
  A wyvern skeleton (D:10)
  7 scorpions
  5 wights (D:11)
  17 killer bees
  5 electric eels
  A lava snake (Volcano)
  8 crimson imps
  3 centaur zombies
  A giant frog zombie (D:10)
  2 quasits
  A jelly (D:10)
  25 orc priests
  Crazy Yiuf (D:3)
  3 hounds
  A giant frog skeleton (D:11)
  11 orc wizards
  8 iguanas
  10 worker ants
  50 sheep
  2 hound zombies (D:7)
  3 hound skeletons
  9 mummies
  Robin (D:4)
  12 adders
  A gnoll (D:3)
  40 river rats
  5 shadow imps
  12 white imps (Lair:1)
  5 oozes
  2 adder zombies
  2 adder skeletons (D:8)
  25 worms
  A dart slug (D:1)
  4 giant geckos
  58 orcs
  6 ball pythons
  7 bats
  A bat zombie (D:3)
  4 giant cockroaches
  17 goblins
  14 hobgoblins
  11 jackals
  6 quokkas
  4 giant newts
  A goblin zombie (D:7)
  A hobgoblin zombie (Ossuary)
  27 kobolds
  7 kobold zombies
  An orc zombie (Ossuary)
  A quokka skeleton (D:8)
  A quokka zombie (D:8)
  15 rats
  A rat zombie (D:3)
  A fungus (Lair:7)
  7 plants
1029 creatures vanquished.

Vanquished Creatures (collateral kills)
  Erolcha (D:9)
  3 hill giants
  2 blink frogs (Lair:5)
  6 yaks
  An insubstantial wisp (Swamp:2)
  A water moccasin (Lair:4)
  A porcupine (Lair:7)
  An orc warrior (Orc:2)
  3 big kobolds
  A giant frog (D:9)
  A killer bee (D:8)
  An orc wizard (D:4)
  A hound skeleton (D:8)
  An adder (Sewer)
  A giant gecko (D:9)
  3 orcs
  A rat (Sewer)
  A plant (Lair:8)
30 creatures vanquished.

Vanquished Creatures (others)
  4 polar bears (IceCv)
  4 yaks (IceCv)
  3 wolves (IceCv)
  A mottled dragon (Volcano)
  An orc wizard (Orc:2)
  30 fungi
  27 plants
70 creatures vanquished.

Grand Total: 1129 creatures vanquished

Notes
Turn   | Place    | Note
--------------------------------------------------------------
     0 | D:1      | sanyagladpro the Demonspawn Wanderer began the quest for the Orb.
     0 | D:1      | sanyagladpro set off with: a +2 hand crossbow, 24 bolts, a +0 spear, a scroll of teleportation, a +0 robe, a bread ration
     0 | D:1      | Reached XP level 1. HP: 18/18 MP: 1/1
    88 | D:1      | Reached skill level 4 in Crossbows
    92 | D:1      | Gained mutation: A weak demonic guardian rushes to your aid. [demonic ancestry]
    92 | D:1      | Reached XP level 2. HP: 24/24 MP: 2/2
   339 | D:1      | Reached skill level 1 in Polearms
   772 | D:1      | Reached XP level 3. HP: 27/29 MP: 3/3
  1339 | D:2      | Gained mutation: When hurt, damage is shared between your health and your magic reserves. [demonic ancestry]
  1339 | D:2      | Reached XP level 4. HP: 32/35 MP: 4/4
  1618 | D:2      | Found a faded altar to an unknown god.
  1633 | D:2      | Found a shimmering altar of Xom.
  2252 | D:3      | Found a glowing drain.
  2294 | Sewer    | Entered a sewer
  2340 | Sewer    | Noticed a big kobold
  2358 | Sewer    | Killed a big kobold
  2406 | Sewer    | Noticed a big kobold
  2410 | Sewer    | Gained mutation: You have large cloven feet. [demonic ancestry]
  2410 | Sewer    | Reached XP level 5. HP: 39/41 MP: 5/5
  2580 | Sewer    | Reached skill level 1 in Armour
  2580 | Sewer    | Gained mutation: You are partially covered in rugged brown scales (AC +1, +3% HP). [demonic ancestry]
  2580 | Sewer    | Reached XP level 6. HP: 24/48 MP: 3/6
  3059 | Sewer    | Reached skill level 1 in Dodging
  3398 | D:3      | Found a radiant altar of Vehumet.
  3815 | D:3      | Noticed Crazy Yiuf
  3820 | D:3      | Killed Crazy Yiuf
  4060 | D:3      | Found a stormy altar of Qazlal.
  4206 | D:3      | Found an ancient bone altar of Kikubaaqudgha.
  4315 | D:4      | Found Buecitya's Assorted Antiques.
  4357 | D:4      | Reached skill level 5 in Polearms
  4357 | D:4      | Gained mutation: You have hoof-like feet. [demonic ancestry]
  4357 | D:4      | Reached XP level 7. HP: 44/53 MP: 7/7
  4947 | D:4      | Noticed Sigmund
  4955 | D:4      | Killed Sigmund
  4967 | D:4      | Noticed Robin
  4991 | D:4      | Killed Robin
  5466 | D:4      | Found an oddly glowing altar of Pakellas.
  5466 | D:4      | Found Pakellas's Prime Provisions.
  5546 | D:5      | Entered Level 5 of the Dungeon
  5601 | D:5      | Reached XP level 8. HP: 46/59 MP: 8/8
  5701 | D:5      | Identified the Volume of Moulding and Envenoming
  5729 | D:5      | Found a sacrificial altar of Ru.
  6021 | D:5      | Found an iron altar of Okawaru.
  6024 | D:5      | Became a worshipper of Warmaster Okawaru
  6556 | D:6      | Found a bloodstained altar of Trog.
  6562 | D:6      | Got a transparent dagger
  6564 | D:6      | Identified the +8 dagger "Conservator" {pierce, rF+ rC+ rN+} (You found it on level 6 of the Dungeon)
  6577 | D:6      | Reached skill level 1 in Short Blades
  6651 | D:6      | Found a staircase to the Ecumenical Temple.
  6972 | D:6      | Noticed Menkaure
  6977 | D:6      | Killed Menkaure
  6977 | D:6      | Reached * piety under Okawaru
  7302 | D:6      | Got a shimmering hand axe
  7303 | D:6      | Identified the +5 hand axe "Piekkop" {venom, -Tele Dex+7} (You found it on level 6 of the Dungeon)
  7498 | D:7      | Found a sand-covered staircase.
  7605 | Ossuary  | Entered an ossuary
  7627 | Ossuary  | Reached skill level 5 in Fighting
  7783 | Ossuary  | Gained mutation: You regenerate magic rapidly. [demonic ancestry]
  7783 | Ossuary  | Reached XP level 9. HP: 56/70 MP: 9/9
  8158 | D:7      | Found a basalt altar of Yredelemnul.
  8223 | D:7      | Reached skill level 1 in Axes
  8319 | D:7      | Found a glowing golden altar of the Shining One.
  8998 | D:7      | Reached ** piety under Okawaru
  9469 | D:8      | Reached skill level 5 in Axes
  9481 | D:8      | Found a deep blue altar of Sif Muna.
  9595 | D:8      | Found a staircase to the Lair.
  9596 | D:8      | Noticed a komodo dragon
  9617 | D:8      | Killed a komodo dragon
  9809 | D:9      | Noticed Erolcha
  9824 | D:9      | Killed Erolcha
  9824 | D:9      | Reached *** piety under Okawaru
  9824 | D:9      | Reached XP level 10. HP: 68/81 MP: 8/10
  9924 | D:9      | Noticed ZeroCool's ghost (novice DDBe)
 10020 | D:9      | Killed ZeroCool's ghost
 10020 | D:9      | Reached skill level 5 in Dodging
 10426 | D:9      | Reached **** piety under Okawaru
 10482 | D:9      | Found a staircase to the Orcish Mines.
 10654 | D:9      | Found a shadowy altar of Dithmenos.
 10972 | D:9      | Noticed a two-headed hydra
 11014 | D:9      | Killed a two-headed hydra
 11014 | D:9      | Received a gift from Okawaru
 11014 | D:9      | Reached skill level 5 in Armour
 11185 | D:10     | Entered Level 10 of the Dungeon
 11250 | D:10     | Noticed Maurice
 11251 | D:10     | Noticed a hill giant
 11272 | D:10     | Killed a hill giant
 11272 | D:10     | Reached skill level 5 in Crossbows
 11275 | D:10     | Killed Maurice
 11275 | D:10     | Reached ***** piety under Okawaru
 11493 | D:10     | Found an iron altar of Okawaru.
 11596 | D:10     | Noticed Oddball22's ghost (journeyman HESk)
 11624 | D:10     | Reached skill level 1 in Invocations
 11624 | D:10     | Gained mutation: You have hooves in place of feet. [demonic ancestry]
 11624 | D:10     | Reached XP level 11. HP: 73/86 MP: 9/12
 11889 | D:10     | Reached skill level 6 in Crossbows
 12006 | D:10     | Received a gift from Okawaru
 12258 | Lair:1   | Entered Level 1 of the Lair of Beasts
 12563 | Lair:1   | Found a frozen archway.
 12667 | IceCv    | Entered an ice cave
 12910 | IceCv    | Reached skill level 5 in Invocations
 12922 | IceCv    | Got a dazzling ring mail
 12935 | IceCv    | Identified the +6 ring mail of Curiosity {rN+ Str-3 Int-4 Dex+7} (You found it in an ice cave)
 12993 | IceCv    | Reached skill level 7 in Crossbows
 13614 | IceCv    | Reached skill level 8 in Crossbows
 13686 | IceCv    | Noticed a death yak
 13762 | IceCv    | Killed a death yak
 13765 | IceCv    | Received a gift from Okawaru
 13768 | IceCv    | Got a dazzling hat {god gift}
 13779 | IceCv    | Identified the +2 hat "Qahon" {rF++ Str+3 Dex-2} (Okawaru gifted it to you in an ice cave)
 14443 | IceCv    | Noticed a death yak
 14443 | IceCv    | Noticed a frost giant
 14518 | IceCv    | Killed a death yak
 14518 | IceCv    | Reached skill level 9 in Crossbows
 14907 | IceCv    | Reached XP level 12. HP: 77/93 MP: 13/18
 15142 | IceCv    | Killed a frost giant
 15478 | Lair:1   | Reached skill level 10 in Crossbows
 16752 | Lair:2   | Noticed a six-headed hydra
 16780 | Lair:2   | Found a labyrinth entrance.
 16793 | Lair:2   | Identified 2 scrolls of acquirement
 16814 | Lab      | Entered a labyrinth
 17310 | Lab      | Noticed a minotaur
 17322 | Lab      | HP: 3/93 [minotaur/lightning rod (3)]
 17330 | Lab      | Killed a minotaur
 17683 | Lair:2   | Noticed an eight-headed hydra
 17687 | Lair:2   | Killed an eight-headed hydra
 17751 | Lair:2   | Killed a six-headed hydra
 17751 | Lair:2   | Reached skill level 10 in Polearms
 17932 | Lair:2   | Noticed a seven-headed hydra
 18570 | Lair:2   | Killed a seven-headed hydra
 18570 | Lair:2   | Received a gift from Okawaru
 18857 | Lair:2   | Noticed a five-headed hydra
 18863 | Lair:2   | Killed a five-headed hydra
 19179 | Lair:3   | Got a crude copper ring
 19255 | Lair:3   | Reached ****** piety under Okawaru
 19628 | Lair:3   | Received a gift from Okawaru
 19901 | Lair:4   | Found a hole to the Spider Nest.
 20267 | Lair:4   | Gained mutation: You are mostly covered in rugged brown scales (AC +2, +5% HP). [demonic ancestry]
 20267 | Lair:4   | Reached XP level 13. HP: 76/100 MP: 17/19
 20577 | Lair:4   | Identified the ring "Recruvvo" {rN+ MP+9 Str+5 Int+3 Dex-4} (You found it on level 3 of the Lair of Beasts)
 21215 | Lair:5   | Found a dark tunnel.
 21269 | Volcano  | Entered a volcano
 21390 | Volcano  | Found a bloodstained altar of Trog.
 22125 | Lair:5   | Found a staircase to the Swamp.
 22874 | Lair:5   | Reached skill level 10 in Fighting
 23538 | Lair:6   | Reached skill level 11 in Crossbows
 23901 | Lair:6   | Received a gift from Okawaru
 24252 | Lair:6   | Received a gift from Okawaru
 24269 | Lair:6   | Received a gift from Okawaru
 24607 | Lair:7   | Received a gift from Okawaru
 24905 | Lair:7   | Reached skill level 12 in Crossbows
 24909 | Lair:7   | Received a gift from Okawaru
 24977 | Lair:6   | Reached XP level 14. HP: 59/115 MP: 20/20
 26088 | Lair:7   | Reached skill level 13 in Crossbows
 26609 | Lair:7   | Found a viscous altar of Jiyva.
 26609 | Lair:7   | Found a staircase to the Slime Pits.
 26957 | Lair:8   | Entered Level 8 of the Lair of Beasts
 27193 | Lair:8   | Found a blossoming altar of Fedhas.
 27306 | Lair:8   | Noticed Kirke
 27923 | Lair:8   | Noticed a sphinx
 28555 | Lair:8   | Found a runed door.
 28806 | Lair:8   | Received a gift from Okawaru
 29516 | Orc:1    | Entered Level 1 of the Orcish Mines
 29840 | Orc:2    | Entered Level 2 of the Orcish Mines
 30020 | Orc:1    | Found Yninuc Quis's Distillery.
 30214 | Orc:2    | Found Kosowikh's Food Shop.
 31173 | Orc:2    | Found Sitzot's Food Boutique.
 32281 | Orc:2    | Paralysed by an orc sorcerer for 5 turns
 32339 | Orc:2    | Gained mutation: You are completely covered in rugged brown scales (AC +3, +7% HP). [demonic ancestry]
 32339 | Orc:2    | Reached XP level 15. HP: 85/123 MP: 21/21
 32639 | Orc:2    | Found a staircase to the Elven Halls.
 32747 | Orc:2    | Paralysed by an orc sorcerer for 6 turns
 33117 | Orc:2    | Paralysed by an orc sorcerer for 6 turns
 33137 | Orc:2    | Paralysed by an orc sorcerer for 7 turns
 33402 | Orc:2    | Found Cuhugrev's Antique Armour Emporium.
 33402 | Orc:2    | Found Pofuck's Gadget Shoppe.
 33403 | Orc:2    | Found a one-way gate leading to the halls of Pandemonium.
 33903 | D:11     | Found an iron altar of Okawaru.
 35264 | D:13     | Received a gift from Okawaru
 35490 | D:13     | Found a basalt altar of Yredelemnul.
 35824 | D:13     | Received a gift from Okawaru
 35840 | D:13     | Found a gate to the Vaults.
 35868 | D:13     | HP: 6/123 [worker ant (2)]
 36505 | D:14     | Received a gift from Okawaru
 36560 | D:14     | Noticed Maud
 36590 | D:14     | Killed Maud
 37071 | D:15     | Entered Level 15 of the Dungeon
 37169 | D:15     | Reached skill level 14 in Crossbows
 37283 | D:15     | Found an opulent altar of Gozag.
 37285 | D:15     | Found Gozag's Platinum Reserve.
 37793 | D:15     | Reached XP level 16. HP: 128/130 MP: 22/22
 37816 | D:15     | Received a gift from Okawaru
 37964 | D:15     | Found a staircase to the Depths.
 38564 | Swamp:1  | Entered Level 1 of the Swamp
 38646 | Swamp:1  | Reached skill level 10 in Dodging
 38987 | Swamp:1  | Noticed a thorn hunter
 38996 | Swamp:1  | Killed a thorn hunter
 41186 | Swamp:3  | Received a gift from Okawaru
 41310 | Swamp:3  | Annihilated by a white very ugly thing

Vault maps used:
D:1:      evilmike_arrival_run_for_it, minmay_misc_feat_secret_circle,
          corexii_leaking_fountain
D:2:      lemuel_coloured_pillars_altar, ecumenical_altar_1
D:3:      kennysheep_six_static_rooms, lemuel_zombie_altar_kikubaaqudgha,
          nicolae_overflow_crystal_walls, grunt_qazlal_clouds,
          portal_sewer_entry_b, uniq_crazy_yiuf_cottage
D:4:      johnstein_pakellas_shop, serial_shops, shop_statue, uniq_sigmund,
          uniq_robin
D:5:      nicolae_ru_awakened_eye, kennysheep_mini, first_bread
D:6:      bloody_trog, temple_pool_b, uniq_menkaure
D:7:      old_standard_altar, old_standard_altar, nicolae_ossuary_entry_giza
D:8:      lemuel_crystal_altar, david_lair_shrubbed
D:9:      kennysheep_mini_moat, orc_0_dummy, hangedman_ranch, uniq_erolcha
D:10:     okawaru_metal_pillars_1_2, uniq_maurice
D:11:     basic_altar
D:12:     minmay_misc_feat_room, solitary_fountain
D:13:     lightli_vaults_fourway_checkpoint, basic_altar
D:14:     serial_glass, glass_columns_a, glass_columns_c,
          einodemon_barbed_minivault, uniq_maud
D:15:     gammafunk_enter_depths_forms, nicolae_gozag_zags_fifth_avenue,
          patterned_corridor
Lair:1:   wad_woods_minihive, portal_ice_cave_entry_imps, serial_bayou,
          serial_bayou_pond_d, serial_bayou_shore_b, serial_bayou_pond_a,
          serial_bayou_pond_a
Lair:2:   lab_entry_generic, wad_woods_road_05, infiniplex_staircase_pool,
          grunt_megastairs_2, lemuel_fruit_tree
Lair:4:   spider_nest_entry_a, kilobyte_rumbling_trees, grunt_megastairs_5
Lair:5:   nicolae_swamp_entry_splash_gauntlet, nicolae_volcano_entry_two_sided
Lair:6:   cheibrodos_lair_reptile_den
Lair:7:   slime_altar_1, grunt_megastairs_4, infiniplex_staircase_pool_2
Lair:8:   wormcave, tgw_fedhas, uniq_kirke
Swamp:1:  evilmike_swamp_ruin_house_1, swamp_pool5
Swamp:2:  evilmike_swamp_ruin_rubble_2
Swamp:3:  cheibrodos_swamp_heart_of_darkness, evilmike_swamp_ruin_house_4
Orc:1:    serial_shops, shop
Orc:2:    pf_orc_diabolical
Lab:      labyrinth_watery, nicolae_lab_big_swirl, nicolae_lab_arrow,
          labyrinth_fake_exit, nicolae_lab_garden, labyrinth_lava_lair
Sewer:    sewer_co_tree
Ossuary:  ossuary_tomb_3
IceCv:    ice_cave_caverns_02
Volcano:  volcano_lake

Skill      XL: |  1  2  3  4  5  6  7  8  9 10 11 12 13 14 15 16 |
---------------+-------------------------------------------------+-----
Crossbows      | 4 5 9 10 12 13 14 | 14.2
Polearms       | 1 2 3 4 5 7 8 11 13 | 13.7
Armour         | 1 2 5 8 9 |  9.0
Dodging        | 2 3 6 9 12 | 12.8
Short Blades   | 3 |  3.6
Fighting       | 5 7 10 | 10.1
Axes           | 6 |  6.0
Invocations    | 1 8 |  8.6
Throwing       | |  1.0
Stealth        | |  1.0
Evocations     | |  1.0

Action                   |  1- 3 |  4- 6 |  7- 9 | 10-12 | 13-15 | 16-18 || total
-------------------------+-------+-------+-------+-------+-------+-------++-------
Melee: Spear             |   117 |   412 |       |       |       |       ||   529
       Trident           |       |    67 |   254 |       |       |       ||   321
       Hand axe          |       |       |   244 |   376 |    37 |       ||   657
       Dagger            |       |       |    44 |       |       |       ||    44
       Glaive            |       |       |       |   223 |  1410 |       ||  1633
       War axe           |       |       |       |       |    30 |       ||    30
       Unarmed           |       |       |       |       |     7 |       ||     7
       Demon trident     |       |       |       |       |   648 |   663 ||  1311
 Fire: Hand crossbow     |    17 |     7 |     6 |    11 |       |       ||    41
       Arbalest          |       |       |       |     2 |       |       ||     2
       Triple crossbow   |       |       |       |   127 |    41 |    13 ||   181
Invok: Heroism           |       |       |       |       |     2 |       ||     2
       Finesse           |       |       |       |       |       |     1 ||     1
Evoke: Wand              |       |       |       |     1 |       |       ||     1
       Box of beasts     |       |       |       |       |     1 |       ||     1
  Use: Scroll            |       |     5 |    11 |     8 |    15 |     6 ||    45
       Potion            |       |       |       |     3 |     1 |       ||     4
 Stab: Distracted        |       |     2 |     4 |     4 |    17 |     2 ||    29
       Sleeping          |       |       |       |     2 |     6 |       ||     8
  Eat: Chunk             |     1 |    11 |    18 |    16 |    56 |     7 ||   109
       Fruit             |       |       |       |     2 |       |       ||     2
       Meat ration       |       |       |       |     6 |     1 |     1 ||     8
       Beef jerky        |       |       |       |     1 |       |       ||     1
       Royal jelly       |       |       |       |       |       |     1 ||     1
